 Dungeon Crawl Stone Soup version 0.30.1-4-g462c640d31 (webtiles) character file.

Game seed: 3672786192349705359

1149 Babbit the Cleaver (level 8, -6/69 HPs)
             Began as a Minotaur Fighter on Aug 14, 2023.
             Mangled by a two-headed ogre
             ... wielding a +0 giant spiked club
              (17 damage)
             ... on level 5 of the Dungeon.
             The game lasted 00:08:36 (3072 turns).

Babbit the Cleaver (Minotaur Fighter)               Turns: 3072, Time: 00:08:37

Health: -6/69      AC: 13    Str: 23    XL:     8   Next: 15%
Magic:  7/7        EV: 10    Int:  5    God:
Gold:   272        SH:  5    Dex: 10    Spells: 7/7 levels left

rFire   . . .        t - +4 hand axe (heavy)
rCold   . . .        c - +0 buckler
rNeg    . . .        b - +0 scale mail
rPois   .            i - +2 hat
rElec   .            (no cloak)
rCorr   .            (no gloves)
SInv    .            (no boots)
Will    .....        (no amulet) Stlth
                     f - +4 ring of protection
HPRegen 0.31/turn    (no ring)
MPRegen 0.10/turn

%: no passive effects
@: no status effects
A: horns 2, retaliatory headbutt
a: no special abilities


You were on level 5 of the Dungeon.
You visited 1 branch of the dungeon, and saw 5 of its levels.

You collected 272 gold pieces.

Inventory:

Hand Weapons
 r - a +1 spear of flaming
 t - a +4 heavy hand axe (weapon)
Armour
 b - a +0 scale mail (worn)
 c - a +0 buckler (worn)
 i - a +2 hat (worn)
Jewellery
 f - a +4 ring of protection (left hand)
Wands
 p - a wand of flame (8) (quivered)
Scrolls
 e - a scroll of teleportation {unknown}
 g - 3 scrolls of identify
 k - 3 scrolls of amnesia {unknown}
 l - 2 scrolls of enchant armour {unknown}
 n - 2 scrolls of magic mapping {unknown}
 q - a scroll of poison {unknown}
Potions
 a - a potion of mutation {unknown}
 d - 4 potions of might
 h - 3 potions of heal wounds
 j - a potion of invisibility {unknown}
 m - 2 potions of curing
 o - a potion of attraction {unknown}
 s - 3 potions of brilliance {unknown}


   Skills:
 + Level 5.5 Fighting
 + Level 8.3 Axes
 + Level 6.4 Armour
 + Level 2.4 Dodging
 + Level 0.2 Stealth
 + Level 5.1 Shields


You had 7 spell levels left.
You didn't know any spells.
Your spell library contained the following spells:

 Spells                   Type           Power      Damage    Failure   Level
 Inner Flame              Hex/Fire       0%         N/A       99%         3
 Summon Guardian Golem    Hex/Summ       0%         N/A       99%         3
 Flame Wave               Conj/Fire      0%         2d4       100%        4
 Sticky Flame             Conj/Fire      0%         2d3       100%        4
 Orb of Destruction       Conj           0%         9d5       100%        7
 Spellforged Servitor     Conj/Summ      0%         N/A       100%        7


Dungeon Overview and Level Annotations

Branches:
Dungeon (5/15)
 Temple: D:4-7

Altars:
Kikubaaqudgha
Ru
Sif Muna
Yredelemnul
Zin


Innate Abilities, Weirdness & Mutations

You have a pair of horns on your head.
You reflexively headbutt those who attack you in melee.


Message History

Press: ? - help, Q - select action Shift-Dir - straight line, f - two-headed ogre
Aim: a two-headed ogre, wielding a +0 giant spiked club and a +0 giant club (85% to hit)
The puff of flame hits the two-headed ogre.
The two-headed ogre is lightly wounded.
Aiming: Throw Flame
Press: ? - help, Q - select action Shift-Dir - straight line, f/p - two-headed ogre
Aim: a two-headed ogre, wielding a +0 giant spiked club and a +0 giant club (lightly wounded, 85% to hit)
The puff of flame hits the two-headed ogre.
The two-headed ogre is lightly wounded.
Aiming: Throw Flame
Press: ? - help, Q - select action Shift-Dir - straight line, f/p - two-headed ogre
Aim: a two-headed ogre, wielding a +0 giant spiked club and a +0 giant club (lightly wounded, 85% to hit)
The puff of flame hits the two-headed ogre!
The two-headed ogre is moderately wounded.
You hit the two-headed ogre.
The two-headed ogre is moderately wounded.
The two-headed ogre hits you with a +0 giant spiked club!
You block the two-headed ogre's attack.
You slash the two-headed ogre!
The two-headed ogre is heavily wounded.
The two-headed ogre hits you with a +0 giant spiked club!
The two-headed ogre closely misses you.
You hit the two-headed ogre. You headbutt the two-headed ogre!
The two-headed ogre is severely wounded.
The two-headed ogre barely misses you. You furiously retaliate!
You headbutt the two-headed ogre.
The two-headed ogre hits you with a +0 giant club!
You slash the two-headed ogre!
Your headbutt misses the two-headed ogre.
The two-headed ogre is almost dead.
The two-headed ogre hits you with a +0 giant spiked club!
* * * LOW HITPOINT WARNING * * *
The two-headed ogre hits you with a +0 giant club!
* * * LOW HITPOINT WARNING * * *
You closely miss the two-headed ogre.
Your headbutt misses the two-headed ogre.
The two-headed ogre is almost dead.
The two-headed ogre closely misses you.
The two-headed ogre hits you with a +0 giant club!
You die...

# #.#...............# ##
##.#..####.##.######
.###.##..####.##.#
#.....)....##.##.#
.#.####..#.#...#.# ##.#
#..#.......#######.
##.####........#.........
#...........#.##.####...#
#..####.......##@O......#
#..# ##.#.#########..##
#..# #.#.# ..
#..#####.#.# #........#.#
..########.# ### #.# #.#
#.#


You could see a two-headed ogre.

Vanquished Creatures
  Grinder (D:3)
  Menkaure (D:4)
  A water moccasin (D:5)
  A centaur (D:5)
  A phantom (D:3)
  2 scorpions
  An orc priest (D:5)
  A gnoll bouda (D:3)
  3 orc wizards
  An iguana (D:4)
  Natasha (thrice) (D:3)
  11 gnolls
  6 adders
  4 dart slugs
  7 orcs
  4 endoplasms
  4 giant cockroaches (D:2)
  3 goblins
  3 hobgoblins
  4 quokkas
  5 ball pythons
  4 bats
  5 kobolds
  6 rats
82 creatures vanquished.

Vanquished Creatures (others)
  A human (D:5)
1 creature vanquished.

Grand Total: 83 creatures vanquished

Notes
Turn   | Place    | Note
-------+----------+-------------------------------------------
     0 | D:1      | Babbit the Minotaur Fighter began the quest for the Orb.
     0 | D:1      | Reached XP level 1. HP: 19/19 MP: 0/0
   226 | D:1      | Reached XP level 2. HP: 27/27 MP: 1/1
   291 | D:1      | You fall into a shaft and drop 1 floor!
   741 | D:2      | Reached skill level 3 in Axes
   741 | D:2      | Reached XP level 3. HP: 33/33 MP: 2/2
  1158 | D:3      | Noticed Natasha
  1159 | D:3      | Found a shimmering blue altar of Sif Muna.
  1167 | D:3      | Killed Natasha
  1168 | D:3      | Reached skill level 1 in Dodging
  1168 | D:3      | Reached XP level 4. HP: 30/40 MP: 3/3
  1245 | D:3      | Noticed Grinder
  1249 | D:3      | Noticed Natasha
  1257 | D:3      | Killed Natasha
  1266 | D:3      | Killed Grinder
  1267 | D:3      | Reached skill level 5 in Axes
  1267 | D:3      | Reached skill level 5 in Armour
  1267 | D:3      | Reached XP level 5. HP: 27/47 MP: 4/4
  1267 | D:3      | Reached XP level 6. HP: 31/53 MP: 5/5
  1272 | D:3      | Noticed Natasha
  1278 | D:3      | Killed Natasha
  1441 | D:3      | Found a sacrificial altar of Ru.
  1697 | D:3      | Reached skill level 6 in Axes
  1821 | D:3      | Reached XP level 7. HP: 39/60 MP: 6/6
  2005 | D:3      | Found a glowing silver altar of Zin.
  2005 | D:3      | Found a basalt altar of Yredelemnul.
  2207 | D:4      | Noticed Menkaure
  2212 | D:4      | Killed Menkaure
  2213 | D:4      | Reached skill level 5 in Fighting
  2213 | D:4      | Reached skill level 7 in Axes
  2213 | D:4      | Reached skill level 5 in Shields
  2611 | D:5      | Entered Level 5 of the Dungeon
  2705 | D:5      | Found an ancient bone altar of Kikubaaqudgha.
  2708 | D:5      | Noticed a human
  2710 | D:5      | Killed a human
  2753 | D:5      | Reached skill level 8 in Axes
  2753 | D:5      | Reached XP level 8. HP: 61/69 MP: 7/7
  3063 | D:5      | Noticed a two-headed ogre
  3072 | D:5      | Mangled by a two-headed ogre

Illustrated notes

Levels and vault maps discovered:
D:1:      tarquinn_simple_flora_water_a, layout_loops_cross,
          grunt_decor_mini_mirrors
D:2:      layout_rooms, minmay_worlds_worst_comb
D:3:      layout_basic, gammafunk_temple_overflow_elements,
          amcnicky_altar_gilded, mainiacjoe_overflow_catwalk, uniq_natasha,
          uniq_grinder
D:4:      layout_gridville, uniq_menkaure
D:5:      layout_loops_ring, tgw_kikubaaqudgha, minmay_temple_entry_junction_2

Skill      XL: |  1  2  3  4  5  6  7 |
---------------+----------------------+-----
Shields        | 4 5 |  5.1
Armour         | 4 5 6 |  6.4
Fighting       | 4 5 |  5.5
Axes           | 3 5 6 8 |  8.3
Dodging        | 1 2 |  2.4
Stealth        | |  0.2

Action                     |  1- 3 |  4- 6 |  7- 9 || total
---------------------------+-------+-------+-------++-------
  Melee: War axe           |    64 |    53 |    11 ||   128
         Headbutt          |     6 |     9 |     8 ||    23
         Hand axe          |       |       |    55 ||    55
  Evoke: Wand              |       |       |     3 ||     3
    Use: Scroll            |     2 |       |     1 ||     3
 Armour: Scale mail        |    43 |    33 |    38 ||   114
  Dodge: Dodged            |    32 |    28 |    30 ||    90
  Block: Buckler           |    14 |     8 |    10 ||    32
